[Event "ICC tourney 3321 (40 10)"]
[Site "Internet Chess Club"]
[Date "2023.11.11"]
[Round "4"]
[White "Chen, Davin:Newmuffin10"]
[Black "WU, DARREN:chessboy111"]
[Result "1-0"]
[ICCResult "Black resigns"]
[WhiteElo "1672"]
[BlackElo "1549"]
[Opening "Van't Kruijs opening"]
[ECO "A00"]
[Time "17:45:26"]
[PlyCount "145"]
[TimeControl "2400+10"]

1. e3 d5 2. b3 Nf6 3. Bb2 Nc6 4. Nf3 Bg4 5. h3 Bh5 6. Be2 e6 7. O-O Bd6 8.
c4 O-O 9. cxd5 exd5 10. Nd4 Bxe2 11. Qxe2 Nxd4 12. Bxd4 Re8 13. d3 Be5 14.
Bxe5 Rxe5 15. Nd2 Qd7 16. Rac1 c6 17. Nf3 Re7 18. Qb2 Rae8 19. b4 Qf5 20.
Rfd1 Nd7 21. b5 c5 22. a4 b6 23. Qc3 Ne5 24. Nxe5 Qxe5 25. Qxe5 Rxe5 26. d4
cxd4 27. Rxd4 f6 28. Rc7 R8e7 29. Rxe7 Rxe7 30. Rxd5 Kf7 31. Kf1 Kg6 32. Ke2
Re4 33. Rd4 Re7 34. Kf3 Kf7 35. Kf4 g6 36. h4 h6 37. e4 Kg7 38. Rd6 Kf7 39.
a5 bxa5 40. Ra6 Kg7 41. Rxa5 Kf7 42. Ra6 Kg7 43. f3 Kf7 44. Ke3 Rd7 45. Ra4
g5 46. hxg5 hxg5 47. Rd4 Rc7 48. Kd3 Ke6 49. Rd5 Rc8 50. g3 Rc7 51. f4 gxf4
52. gxf4 Rc1 53. Kd4 Rd1+ 54. Kc5 Rc1+ 55. Kb4 Rb1+ 56. Kc3 Rc1+ 57. Kd2 Rc4
58. Kd3 Rb4 59. f5+ Ke7 60. Rc5 Kd6 61. Rc6+ Ke7 62. Re6+ Kf7 63. e5 fxe5
64. Rxe5 Kf6 65. Rc5 Rf4 66. Rc6+ Kxf5 67. Ra6 Rb4 68. Ra5 Ke5 69. Kc3 Rb1
70. b6+ Kd6 71. bxa7 Rc1+ 72. Kb2 Rc8 73. a8=Q {Black resigns} 1-0

[Event "ICC tourney 3321 (40 10)"]
[Site "Internet Chess Club"]
[Date "2023.11.11"]
[Round "4"]
[White "LIN, GABRIEL:danaglin"]
[Black "S.M, UMER:uncrackable"]
[Result "1-0"]
[ICCResult "Black checkmated"]
[WhiteElo "1781"]
[BlackElo "1830"]
[Opening "Sicilian: Alapin's variation (2.c3)"]
[ECO "B22"]
[NIC "SI.47"]
[Time "17:45:31"]
[PlyCount "69"]
[TimeControl "2400+10"]

1. e4 c5 2. c3 Nf6 3. e5 Nd5 4. d4 cxd4 5. Nf3 e6 6. Bc4 Nb6 7. Bb3 Nc6 8.
cxd4 d6 9. O-O dxe5 10. dxe5 Qxd1 11. Rxd1 a5 12. Be3 a4 13. Bxb6 axb3 14.
a3 Bd7 15. Nbd2 Ra6 16. Bc7 Ne7 17. Nxb3 Nd5 18. Rac1 Ba4 19. Nfd4 Be7 20.
Rd3 Kd7 21. Ba5 Rha8 22. Bd2 Rb6 23. g3 g5 24. Nc5+ Bxc5 25. Rxc5 Rxb2 26.
Bxg5 Rb1+ 27. Kg2 Ra1 28. Nb5 b6 29. Rc7+ Ke8 30. Nd6+ Kf8 31. Rxf7+ Kg8 32.
Bh6 Kh8 33. Rdf3 Rg8 34. Rf8 Ne7 35. Nf7# {Black checkmated} 1-0

[Event "ICC tourney 3321 (40 10)"]
[Site "Internet Chess Club"]
[Date "2023.11.11"]
[Round "5"]
[White "RAMKUMAR, NIKHIL:nikhilramkumar"]
[Black "Chen, Davin:Newmuffin10"]
[Result "1/2-1/2"]
[ICCResult "Game drawn by mutual agreement"]
[WhiteElo "1846"]
[BlackElo "1672"]
[Opening "French defense"]
[ECO "C01"]
[NIC "FR.01"]
[Time "20:00:27"]
[PlyCount "86"]
[TimeControl "2400+10"]

1. e4 e6 2. d4 b6 3. Nc3 Bb7 4. Nf3 Bb4 5. Bd3 Nf6 6. Qe2 O-O 7. a3 Bxc3+ 8.
bxc3 h6 9. Bd2 d5 10. e5 Nfd7 11. O-O c5 12. Ne1 c4 13. Bxc4 dxc4 14. f4 Qe7
15. f5 f6 16. Qg4 fxe5 17. fxe6 Rxf1+ 18. Kxf1 Nf6 19. Qg6 Be4 20. Qg3 Kh7
21. Qxe5 Nc6 22. Qg3 Qxe6 23. Nf3 Qg4 24. Qf2 Bxc2 25. Re1 Ne4 26. Qe3 Bd3+
27. Kg1 Re8 28. d5 Ne7 29. Ne5 Qf5 30. Nxd3 cxd3 31. Qxe4 Rf8 32. Qxf5+ Nxf5
33. Rf1 Rf6 34. Rf3 Ne7 35. Rxd3 Rd6 36. Bf4 Rxd5 37. Rxd5 Nxd5 38. Bb8 a6
39. Be5 g5 40. Kf2 Kg6 41. Kf3 Kf5 42. Bd4 g4+ 43. Kf2 b5
{Game drawn by mutual agreement}
1/2-1/2

[Event "ICC tourney 3321 (40 10)"]
[Site "Internet Chess Club"]
[Date "2023.11.11"]
[Round "5"]
[White "KAYAALP, LEVENT:Manch"]
[Black "Raghuraman, Advaith:greenyoshi"]
[Result "1/2-1/2"]
[ICCResult "Game drawn by mutual agreement"]
[WhiteElo "1523"]
[BlackElo "1562"]
[Opening "Sicilian defense"]
[ECO "B20"]
[NIC "SI.48"]
[Time "20:00:46"]
[PlyCount "76"]
[TimeControl "2400+10"]

1. e4 c5 2. Bc4 g6 3. Qf3 e6 4. d3 Nc6 5. c3 Ne5 6. Qh3 Nxc4 7. dxc4 Bg7 8.
Nf3 Ne7 9. Bg5 Qb6 10. Bc1 Nc6 11. O-O O-O 12. Re1 Ne5 13. Nxe5 Bxe5 14. f4
Bg7 15. e5 d6 16. Nd2 dxe5 17. fxe5 Qc7 18. Nf3 b6 19. Ng5 h6 20. Nf3 Kh7
21. Bf4 Bb7 22. Ng5+ Kg8 23. Nf3 g5 24. Bg3 Bxf3 25. gxf3 Rad8 26. Re2 Rd3
27. Qg2 Rfd8 28. f4 Rd1+ 29. Rxd1 Rxd1+ 30. Kf2 Qd8 31. fxg5 hxg5 32. Qe4
Rd2 33. Rxd2 Qxd2+ 34. Qe2 Qxe2+ 35. Kxe2 Bf8 36. a3 a5 37. Ke3 Kg7 38. Ke4
Kg6 {Game drawn by mutual agreement} 1/2-1/2

[Event "ICC tourney 3321 (40 10)"]
[Site "Internet Chess Club"]
[Date "2023.11.11"]
[Round "5"]
[White "Malhotra, Rehaan:MrRap"]
[Black "STINSON, RUSSELL:rcstinson"]
[Result "0-1"]
[ICCResult "White checkmated"]
[WhiteElo "1627"]
[BlackElo "1523"]
[Opening "Pirc defense"]
[ECO "B07"]
[NIC "PU.08"]
[Time "20:00:07"]
[PlyCount "152"]
[TimeControl "2400+10"]

1. e4 d6 2. d4 Nf6 3. Nc3 Nbd7 4. Be3 e5 5. Nf3 Be7 6. Bc4 O-O 7. O-O c6 8.
dxe5 dxe5 9. Qe2 b5 10. Bb3 Qc7 11. Bg5 Nc5 12. Nd2 Nxb3 13. axb3 Bg4 14. f3
Qb6+ 15. Be3 Bc5 16. Bxc5 Qxc5+ 17. Qf2 Qxf2+ 18. Kxf2 Be6 19. Rfd1 Rfd8 20.
Nf1 Rd7 21. Rxd7 Nxd7 22. Ne3 Kf8 23. Ra6 Nb6 24. Ke2 Bc8 25. Ra1 Bb7 26.
Nf5 Bc8 27. Ne3 Be6 28. Ned1 Ke7 29. Nf2 a5 30. Nd3 f6 31. Nc5 Kd6 32. Nxe6
Kxe6 33. Ke3 a4 34. Kd2 axb3 35. Rxa8 Nxa8 36. cxb3 Nb6 37. Kd3 h5 38. Nd1
h4 39. Ne3 g6 40. g4 Kd6 41. h3 Nd7 42. Ng2 g5 43. Ne3 Nf8 44. b4 Ne6 45.
Ng2 Nd4 46. Ne1 c5 47. bxc5+ Kxc5 48. Kd2 Kc4 49. Ke3 Kb3 50. Nd3 Kc2 51. b4
Kb3 52. Nc5+ Kxb4 53. Nd3+ Kc3 54. Nc5 b4 55. Na4+ Kc2 56. Nc5 b3 57. Nxb3
Kxb3 58. Kf2 Kc2 59. Ke3 Kc3 60. Kf2 Kd2 61. Kg2 Ke3 62. Kf1 Kxf3 63. Kg1
Kxe4 64. Kf2 Kf4 65. Kg2 e4 66. Kf2 e3+ 67. Ke1 Kf3 68. Kf1 e2+ 69. Ke1 Nc2+
70. Kd2 e1=Q+ 71. Kxc2 Ke3 72. Kb2 Kd3 73. Kb3 Qc3+ 74. Ka2 Qb4 75. Ka1 Kc2
76. Ka2 Qb2# {White checkmated} 0-1

[Event "ICC tourney 3321 (40 10)"]
[Site "Internet Chess Club"]
[Date "2023.11.11"]
[Round "5"]
[White "S.M, UMER:uncrackable"]
[Black "THAIN, JACK:jt1819"]
[Result "0-1"]
[ICCResult "White resigns"]
[WhiteElo "1830"]
[BlackElo "1715"]
[Opening "Réti opening"]
[ECO "A04"]
[NIC "QP.11"]
[Time "20:00:07"]
[PlyCount "118"]
[TimeControl "2400+10"]

1. Nf3 c6 2. d4 d5 3. Bf4 Bg4 4. e3 Nf6 5. c4 e6 6. Qb3 Qa5+ 7. Nc3 Bb4 8.
a3 Bxc3+ 9. bxc3 O-O 10. Ne5 Bf5 11. Qb4 Qxb4 12. cxb4 Nbd7 13. Be2 Nxe5 14.
Bxe5 Nd7 15. Bd6 Rfe8 16. f4 Nf6 17. b5 cxb5 18. cxb5 Rac8 19. Bf3 Rc3 20.
O-O Rec8 21. Rfe1 Ne4 22. Bb4 Rc2 23. Re2 R2c4 24. g4 Bg6 25. Kg2 Nc3 26.
Bxc3 Rxc3 27. f5 exf5 28. Bxd5 b6 29. gxf5 Bxf5 30. Bc6 Bd3 31. Rd2 f5 32.
a4 Be4+ 33. Bxe4 fxe4 34. a5 Rxe3 35. axb6 axb6 36. Ra4 Rb3 37. d5 e3 38.
Re2 Rxb5 39. Rxe3 Rxd5 40. Ra7 Rb8 41. h4 Rd6 42. Kf3 Rf6+ 43. Ke2 b5 44. h5
Rf7 45. Ree7 Rxe7+ 46. Rxe7 Kf8 47. Ra7 Rb6 48. Ra8+ Kf7 49. Ra7+ Kf6 50. h6
gxh6 51. Rxh7 Kg6 52. Rh8 b4 53. Kd2 h5 54. Kc2 Kg5 55. Kb3 h4 56. Rg8+ Rg6
57. Rd8 h3 58. Kxb4 h2 59. Rd1 Rh6 {White resigns} 0-1